AoeStats
← eric_the_red121

Black Forest

509821098Analyzed
4v4 RM · 5d ago on Sep 28, 2026· 72m 20s· 8 players
Game mode
Random Map
Map size
Large (8 player)
Population
200
Speed
Normal
Resources
Standard
Victory
Conquest
Starting age
Dark Age
Ending age
Imperial Age
RankedLock teamsTeams togetherTeam positionsShared explorationLock speedFull tech treeHidden civsTurbo modeCheats
Victory
Defeat
🇲🇽 Bulgarians · Mexico
1042
+44
🇲🇽 Burmese · Mexico
1036
+15
🇫🇷 Turks · France
1001
+17
🇺🇸 Danes · United States
932
+19
🇵🇪 Italians · Peru
1171
-22
🇵🇪 Goths · Peru
1057
-18
🇵🇪 Franks · Peru
918
-13
🇵🇪 Portuguese · Peru
917
-13
eric_the_red121
4:42 Loom
12:56 Feudal Age
13:40 Horse Collar
13:47 Double-Bit Axe
15:06 Wheelbarrow
18:34 Castle Age
18:22 Forging
18:02 Fletching
19:46 Hand Cart
20:40 Town Watch
21:25 Gold Mining
31:10 Scale Mail Armor
31:32 Bodkin Arrow
37:00 Imperial Age
36:57 Iron Casting
36:37 Chain Mail Armor
37:51 Bracer
37:27 Onager
38:00 Man-at-Arms
38:25 Gambesons
39:58 Siege Onager
42:09 Chemistry
41:30 Ballistics
41:21 Masonry
41:17 Siege Engineers
41:05 Long Swordsman
41:54 Heavy Scorpion
42:46 Pikeman
43:26 Squires
43:54 Halberdier
48:54 Siege Onager
52:39 Blast Furnace
54:13 Long Swordsman
Copilot
1:22 Loom
3:14 Loom
5:01 Loom
11:31 Feudal Age
16:53 Castle Age
14:56 Horse Collar
22:31 Wheelbarrow
25:11 Fletching
26:25 Man-at-Arms
26:32 Light Cavalry
27:09 Bodkin Arrow
27:25 Forging
29:42 Padded Archer Armor
32:18 Husbandry
33:15 Ballistics
34:48 Bloodlines
36:20 Bloodlines
38:32 Scale Barding Armor
47:42 Scale Mail Armor
48:04 Man-at-Arms
48:30 Gambesons
48:46 Squires
49:28 Chain Mail Armor
49:18 Long Swordsman
55:23 Imperial Age
53:55 Iron Casting
55:24 Two-Handed Swordsman
56:37 Plate Mail Armor
58:07 Blast Furnace
66:04 Champion
66:47 Heavy Plow
68:58 Arson
Neuron MX
2:01 Loom
11:51 Feudal Age
13:27 Double-Bit Axe
18:59 Forging
19:49 Wheelbarrow
21:22 Scale Mail Armor
24:59 Castle Age
23:22 Horse Collar
25:12 Arson
26:26 Hand Cart
26:38 Pikeman
27:18 Squires
27:36 Chain Mail Armor
28:08 Bow Saw
28:12 Gambesons
33:09 Iron Casting
35:11 Heavy Plow
36:13 Scale Barding Armor
36:08 Gold Mining
36:10 Stone Mining
41:58 Imperial Age
39:59 Ballistics
39:30 Heated Shot
39:35 Fletching
41:01 Stone Shaft Mining
41:04 Gold Shaft Mining
40:31 Bodkin Arrow
42:43 Chain Barding Armor
44:00 Blast Furnace
43:31 Plate Mail Armor
44:31 Crop Rotation
43:52 Town Watch
44:47 Halberdier
47:35 Conscription
47:20 Bagains
47:18 Stirrups
48:30 Bracer
51:03 Plate Barding Armor
53:59 Capped Ram
57:21 Chemistry
56:27 Siege Engineers
56:11 Siege Ram
63:22 Elite Konnik
64:28 Murder Holes
65:40 Guard Tower
66:01 Masonry
68:37 Heavy Scorpion
70:08 Padded Archer Armor
elromanus
0:43 Loom
12:36 Feudal Age
16:36 Castle Age
16:34 Double-Bit Axe
23:26 Imperial Age
21:41 Gold Mining
24:41 Bombard Tower
24:48 Bow Saw
27:05 Wheelbarrow
29:27 Ballistics
30:42 Hand Cart
31:47 Fishing Lines
33:21 Stone Mining
34:07 Gold Shaft Mining
36:19 Fletching
36:29 Padded Archer Armor
36:28 Gillnets
37:59 Bodkin Arrow
38:19 Leather Archer Armor
38:54 Sappers
39:44 Conscription
39:24 Artillery
42:14 Ring Archer Armor
43:09 Elite Janissary
69:51 Forging
69:46 Scale Barding Armor
72:08 Bloodlines
71:59 Husbandry
PenguQlon
0:41 Loom
13:34 Feudal Age
17:46 Castle Age
21:37 Imperial Age
19:21 Double-Bit Axe
19:27 Gold Mining
19:19 Horse Collar
20:04 Forging
19:55 Scale Mail Armor
20:25 Squires
21:57 Iron Casting
21:37 Chain Mail Armor
21:47 Onager
29:11 Chemistry
29:58 Blast Furnace
41:32 Stone Mining
43:57 Anarchy
44:19 Conscription
45:58 Perfusion
49:09 Pikeman
59:45 Heavy Plow
70:22 Man-at-Arms
rust.2019
10:48 Feudal Age
15:30 Castle Age
14:56 Double-Bit Axe
16:44 Wheelbarrow
16:22 Gold Mining
16:44 Bow Saw
17:46 Gold Shaft Mining
19:13 Hand Cart
22:56 Husbandry
23:49 Forging
23:44 Scale Barding Armor
26:46 Iron Casting
26:32 Chain Barding Armor
37:52 Imperial Age
38:01 Imperial Age
35:18 Loom
35:22 Town Watch
36:32 Chain Barding Armor
37:07 Masonry
40:15 Blast Furnace
39:50 Plate Barding Armor
38:41 Cavalier
39:55 Paladin
55:00 Hoardings
55:29 Conscription
55:39 Scale Mail Armor
57:09 Chain Mail Armor
57:00 Elite Throwing Axeman
68:05 Plate Mail Armor
70:00 Ordonnance Companies
BigMalasada
12:25 Feudal Age
12:57 Double-Bit Axe
13:08 Fishing Lines
14:02 Horse Collar
16:53 Gold Mining
26:13 Stone Mining
27:20 Wheelbarrow
33:19 Castle Age
31:48 Fletching
31:58 Padded Archer Armor
34:58 Bodkin Arrow
35:18 Leather Archer Armor
36:55 Ballistics
39:08 Imperial Age
38:22 Crossbowman
39:16 Arbalester
40:59 Chemistry
40:41 Bracer
41:39 Hand Cart
42:56 Forging
42:47 Scale Mail Armor
44:44 Elite Genoese Crossbowman
46:02 Thumb Ring
46:10 Husbandry
46:21 Bloodlines
45:31 Light Cavalry
46:44 Ring Archer Armor
46:19 Scale Barding Armor
46:50 Iron Casting
47:25 Iron Casting
47:28 Chain Barding Armor
48:06 Hussar
51:26 Caravan
52:49 Plate Barding Armor
53:14 Blast Furnace
54:07 Loom
54:08 Town Watch
58:01 Onager
61:18 Blast Furnace
67:33 Pirotechnia
69:39 Bow Saw
Hiro Moroboshi
12:06 Feudal Age
18:56 Castle Age
16:57 Double-Bit Axe
22:01 Stone Mining
22:04 Horse Collar
24:38 Wheelbarrow
30:25 Imperial Age
28:24 Gold Mining
30:32 Loom
34:46 Stone Shaft Mining
44:39 Conscription
43:40 Elite Organ Gun
51:54 Chemistry
Connection lost

Rejoining the realm…

Still unreachable

The connection could not be restored.

Session expired

The server has moved on; the page needs a fresh start.